 Dungeon Crawl Stone Soup version 0.24-a0-160-gfa3a8d6 (webtiles) character file.

Game seed: 1726414756506898256

268 galech the Skirmisher (level 6, 48/48 HPs)
             Began as a Demonspawn Fighter on Mar 5, 2019.
             Quit the game in a sewer.
             The game lasted 00:02:18 (1550 turns).

galech the Skirmisher (Demonspawn Fighter)          Turns: 1550, Time: 00:02:19

Health: 48/48      AC:  6    Str: 16    XL:     6   Next: 0%
Magic:  6/6        EV:  7    Int: 10    God:
Gold:   182        SH:  9    Dex: 16    Spells: 5/5 levels left

rFire    + . .     SeeInvis .   a - +0 war axe
rCold    + . .     Gourm    .   c - +0 shield
rNeg     . . .     Faith    .   b - +0 scale mail
rPois    .         Spirit   .   (no helmet)
rElec    .         Reflect  .   (no cloak)
rCorr    .         Harm     .   (no gloves)
MR       .....                  (no boots)
Stlth    +.........             n - amulet of rage
HPRegen  0.16/turn              m - ring of protection from fire
MPRegen  0.10/turn              (no ring)

@: no status effects
A: talons 1, thin skeletal structure 1, cold resistance 1, freezing cloud
immunity
a: Evoke Berserk Rage


You were in a sewer.
You were not hungry.

You visited 1 branch of the dungeon, and saw 3 of its levels.
You also visited: Sewer.

You collected 182 gold pieces.

Inventory:

Hand Weapons
 a - a +0 war axe (weapon)
Armour
 b - a +0 scale mail (worn)
 c - a +0 shield (worn)
Jewellery
 h - an uncursed amulet of harm
 m - a ring of protection from fire (left hand)
 n - an amulet of rage (around neck)
Scrolls
 e - 2 scrolls of identify
 j - a scroll of random uselessness
Potions
 i - a potion of curing {unknown}
 k - a potion of heal wounds {unknown}
 l - a potion of degeneration {unknown}
 p - 2 potions of lignification {unknown}
Comestibles
 d - 3 chunks of flesh
 f - a ration


   Skills:
 + Level 4.1 Fighting
 + Level 4.0 Axes
 + Level 3.2 Armour
 + Level 1.3 Dodging
 + Level 3.3 Shields


You had 5 spell levels left.
You didn't know any spells.
Your spell library was empty.

Dungeon Overview and Level Annotations

Branches:
Dungeon (3/15)

Altars:


Innate Abilities, Weirdness & Mutations

You have sharp toenails.
You have a somewhat thin skeletal structure. (Dex +2, Stealth)
Your flesh is cold resistant. (rC+)
You are immune to freezing clouds.


Message History

The ball python hisses angrily.
The adder hisses angrily.
The adder moves out of view.
The ball python bites you but does no damage.
The ball python grabs you. The ball python constricts you.
You slash the ball python!
You kill the ball python!
You slash the adder! You block the adder's attack.
The adder bites you but does no damage.
You closely miss the adder.
The adder is almost dead.
The adder bites you but does no damage. You block the adder's attack.
You slash the adder!
You kill the adder!
Your Axes skill increases to level 4!
You have reached level 6!
Your experience leads to an increase in your attributes!
Increase (S)trength, (I)ntelligence, or (D)exterity?
You feel agile.
Your demonic ancestry asserts itself...
Your bones become slightly less dense.
Are you sure you want to abandon this character and quit the game? (Confirm with "yes".)

##################
≈≈≈≈≈≈≈≈≈≈≈≈≈≈≈#.###
≈≈≈≈≈≈≈.≈≈≈≈≈≈≈≈...##
≈≈≈≈≈#≈÷÷≈≈≈≈≈≈≈....#
≈≈≈≈≈≈#≈≈≈≈≈≈≈≈≈....#
≈≈≈≈≈≈≈≈≈.≈≈≈≈≈≈....##
≈≈≈≈≈≈≈≈≈≈≈≈≈≈≈.@....#
#################....#
#...# #...# ...# ..#
##


There were no monsters in sight!

Vanquished Creatures
  Sigmund (D:2)
  3 gnolls (D:3)
  3 adders
  A river rat (Sewer)
  A dart slug (D:1)
  2 leopard geckos
  7 bats
  6 giant cockroaches
  7 goblins
  4 hobgoblins
  4 ball pythons
  2 frilled lizards (D:2)
  5 kobolds
  8 rats
54 creatures vanquished.

Notes
Turn   | Place    | Note
-------+----------+-------------------------------------------
     0 | D:1      | galech the Demonspawn Fighter began the quest for the Orb.
     0 | D:1      | Reached XP level 1. HP: 18/18 MP: 1/1
   189 | D:1      | Gained mutation: You have sharp toenails. [demonic
                  | ancestry]
   189 | D:1      | Reached XP level 2. HP: 20/24 MP: 2/2
   783 | D:2      | Gained mutation: Your flesh is cold resistant. (rC+)
                  | [demonic ancestry]
   783 | D:2      | Reached XP level 3. HP: 28/29 MP: 3/3
  1024 | D:2      | Noticed Sigmund
  1031 | D:2      | Killed Sigmund
  1031 | D:2      | Reached skill level 1 in Dodging
  1031 | D:2      | Reached XP level 4. HP: 30/37 MP: 4/4
  1031 | D:2      | Gained mutation: You are immune to freezing clouds.
                  | [demonic ancestry]
  1031 | D:2      | Reached XP level 5. HP: 34/42 MP: 5/5
  1328 | D:3      | Found a glowing drain.
  1427 | Sewer    | Entered a sewer
  1549 | Sewer    | Gained mutation: You have a somewhat thin skeletal
                  | structure. (Dex +2, Stealth) [demonic ancestry]
  1549 | Sewer    | Reached XP level 6. HP: 48/48 MP: 6/6
  1550 | Sewer    | Quit the game

Levels and vault maps discovered:
D:1:      dpeg_arrival_leaves_temple_mockup, layout_basic
D:2:      layout_rooms, uniq_sigmund
D:3:      layout_loops_cross, portal_sewer_entry_d, grunt_qazlal_sundering
Sewer:    sewer_minmay_w

Skill      XL: |  1  2  3  4  5 |
---------------+----------------+-----
Axes           | 2 3 4 |  4.0
Shields        | 3 |  3.3
Armour         | 3 |  3.2
Dodging        | 1 |  1.3
Fighting       | 4 |  4.1

Action                   |  1- 3 |  4- 6 || total
-------------------------+-------+-------++-------
Melee: War axe           |   113 |    33 ||   146
       Kick              |    14 |     7 ||    21
  Use: Potion            |     1 |       ||     1
       Scroll            |       |     3 ||     3
  Eat: Chunk             |     1 |     1 ||     2
Armor: Scale mail        |    62 |    12 ||    74
Dodge: Dodged            |    35 |     9 ||    44
Block: Shield            |    56 |    16 ||    72

Table legend:
 A = Non-vault XP
 B = Vault XP
 C = Vault XP percentage of total XP
 D = Non-vault monster count
 E = Vault monster count
 F = Vault count percentage of total count
                 A         B        C        D         E       F
            +---------+---------+-------+---------+---------+-------
      Total |     126 |     257 |  67.1 |      44 |      10 |  18.5
            +---------+---------+-------+---------+---------+-------
        D:1 |      40 |       0 |   0.0 |      21 |       0 |   0.0
        D:2 |      39 |     212 |  84.5 |      18 |       1 |   5.3
        D:3 |      47 |      13 |  21.7 |       5 |       1 |  16.7
      Sewer |       0 |      32 | 100.0 |       0 |       8 | 100.0
            +---------+---------+-------+---------+---------+-------
